 Dungeon Crawl Stone Soup version 0.32-a0-329-ge6c31236d6 (webtiles) character file.

Game seed: 11914495878589874703

13200 cforsyth the Fighter (level 12, -23/98 HPs)
             Began as a Djinni Fire Elementalist on Feb 16, 2024.
             Was a Believer of Ru.
             Killed from afar by Jorgrun (33 damage)
             ... with a blast of rock fragments
             ... on level 12 of the Dungeon.
             The game lasted 00:35:27 (13925 turns).

cforsyth the Fighter (Djinni Fire Elementalist)    Turns: 13925, Time: 00:35:27

Health: -23/98     AC:  9    Str:  7    XL:     12   Next: 29%
Gold:   270        EV: 13    Int: 24    God:    Ru [**....] SH:  5 Dex: 20

rFire   + + +        a - +2 spear "Tayl Wuo" {elec, rF+ rC+}
rCold   . . .        (no shield)
rNeg    . . .        l - +0 robe of Plasticity {Int+4 SInv}
rPois   ∞            i - +1 helmet
rElec   .            H - +1 cloak of Qir Befi {Dex+4}
rCorr   .            D - +2 pair of gloves
SInv    +            (boots unavailable)
Will    +....        B - amulet of reflection Stlth
                     (no ring)
HPRegen 0.36/turn    (no ring)
MPRegen 0.00/turn

%: reflection, infuse magic (-24 HP)
@: flying
A: sickness immunity, fire resistance 2, cold vulnerability 1, no stealth,
inability to train armour, float, innate caster, HP casting, extra vitality 1
a: Renounce Religion, Sacrifice Love, Sacrifice Resistance, Sacrifice Health,
Reject Sacrifices


You were on level 12 of the Dungeon.
You worshipped Ru.
Ru was pleased with you.
You visited 1 branch of the dungeon, and saw 12 of its levels.
You also visited: Bailey.

You collected 708 gold pieces.
You spent 438 gold pieces at shops.


Innate Abilities, Weirdness & Mutations

You are immune to sickness and miasma.
You are immune to poison.
Your flesh is very heat resistant. (rF++)
You are vulnerable to cold. (rC-)
You cannot be stealthy.
You cannot train Armour skill.
You float through the air rather than walking.
You learn spells naturally, not from books.
Your magical power is your life essence.
You have superior vitality. (+4 MHP)


   Skills:
 + Level 13.6 Fighting
 - Level 2.1 Dodging
 + Level 10.9 Spellcasting
 + Level 10.9 Conjurations
 + Level 10.9 Hexes
 + Level 10.9 Summonings
 + Level 10.9 Necromancy
 + Level 10.9 Translocations
 + Level 10.9 Fire Magic
 + Level 10.9 Ice Magic
 + Level 10.9 Air Magic
 + Level 10.9 Earth Magic
 + Level 10.9 Alchemy


You knew the following spells:

 Your Spells              Type           Power      Damage    Failure   Level
a - Necrotise             Necr           100%       1d9       1%          1
b - Mercury Vapours       Alch/Air       100%       N/A       1%          2
c - Arcjolt               Conj/Air       30%        1d40      1%          5
d - Animate Dead          Necr           60%        N/A       1%          4
f - Foxfire               Conj/Fire      100%       2x1d9     1%          1
r - Inner Flame           Hex/Fire       60%        N/A       1%          3
B - Blink                 Tloc           100%       N/A       1%          2
X - Scorch                Fire           100%       2d9       1%          2
Y - Volatile Blastmotes   Fire/Tloc      100%       2d18      1%          3
Z - Flame Wave            Conj/Fire      60%        2d14      1%          4
Your spell library was empty.

Inventory:

Hand Weapons
 a - the +2 spear "Tayl Wuo" (weapon) {elec, rF+ rC+}
   (You found it on level 4 of the Dungeon)

   rF+:       It protects you from fire.
   rC+:       It protects you from cold.
Armour
 i - a +1 helmet (worn)
 l - the +0 robe of Plasticity (worn) {Int+4 SInv}
   (You found it in a bailey)

   Int+4:     It affects your intelligence (+4).
   SInv:      It lets you see invisible.
 t - a +0 robe
 D - a +2 pair of gloves (worn)
 E - a +0 helmet of see invisible
 H - the +1 cloak of Qir Befi (worn) {Dex+4}
   (You bought it in a shop on level 8 of the Dungeon)

   Dex+4:     It affects your dexterity (+4).
Magical Staves
 b - a staff of alchemy {!a}
 y - a staff of air {!a}
 K - a staff of cold {!a}
Jewellery
 g - an amulet of the acrobat
 B - an amulet of reflection (around neck)
 C - a ring of ice
 F - a ring of fire
Wands
 e - a wand of roots (33)
 h - a wand of digging (6)
 z - a wand of paralysis (17)
 O - a wand of polymorph (8)
Scrolls
 j - 5 scrolls of identify {@r1}
 k - a scroll of fog
 n - a scroll of teleportation {@r2}
 o - a scroll of noise
 p - 5 scrolls of poison
 q - 6 scrolls of enchant weapon
 w - a scroll of torment
 I - a scroll of revelation {unknown}
 P - 2 scrolls of blinking
Potions
 c - 2 potions of enlightenment {unknown}
 d - 4 potions of attraction {unknown}
 f - 4 potions of curing {@q1}
 m - a potion of ambrosia {unknown}
 r - a potion of haste {@q3}
 s - 3 potions of degeneration {unknown}
 u - 2 potions of might {unknown}
 v - a potion of cancellation {unknown}
 x - a potion of brilliance {unknown}
 A - a potion of berserk rage {unknown}
 G - 5 potions of magic {unknown}
 J - a potion of lignification {unknown}
 L - a potion of mutation {unknown}
 M - a potion of resistance {unknown}
Miscellaneous
 N - a box of beasts

Dungeon Overview and Level Annotations

Branches:
Dungeon (12/15)            Temple (0/1) D:6            Lair (0/5) D:10
 Bailey (visited)
    Orc: D:9-12

Altars:
Dithmenos
Elyvilon
Fedhas
Gozag
Makhleb
Nemelex Xobeh
Ru
Xom
The Shining One

Shops:
D:1 ?   D:8 ::[(:   D:9 [   D:11 *

Annotations:
D:12 2 runed translucent doors, Jorgrun, Maurice

#.## ##.### ##..# #....# ##
#...####....# . .. #...#..#.)..##
# . # #............### ## #.#
##.............## §####.###
#..............#. §§#.....#####
##................ §§§.#
#.#.#.####@............#... ....#
#.....##...................
....###......#...........#.......
§.#.......................##.....
§##....f.........#.........#.....
###............####...........)..
###.............# ...........^...
.........g...#...# ..............
.................# .............


You could see Jorgrun.


Message History

* * * LOW HITPOINT WARNING * * *
You turn to flesh and can move again.
Unknown command.
You feel better.
Jorgrun is stunned by your conviction and fails to attack.
Unknown command.
Unknown command.
You feel better. Jorgrun hits you with a staff of earth.
* * * LOW HITPOINT WARNING * * *
The troll closely misses you. The troll claws you!
* * * LOW HITPOINT WARNING * * *
The troll claws you.
* * * LOW HITPOINT WARNING * * *
Unknown command.
Blink to where?
Press: ? - help, Dir - move target, p - Jorgrun
As you read the scroll of blinking, it crumbles to dust.
Maurice gestures wildly while chanting.
Maurice blinks!
You hear a grinding noise.
You hear a grinding noise.
You hear a grinding noise.
Maurice begins to cast a spell, but is stunned by your conviction!
Jorgrun looks more healthy.
Jorgrun begins to cast a spell, but is stunned by your conviction!
Jorgrun begins to cast a spell, but is stunned by your conviction!
Jorgrun points next to you and mumbles some strange words.
The wall shatters!
The blast of rock fragments hits you!!
You die...
Ru respects your ultimate sacrifice.

Skill      XL: |  1  2  3  4  5  6  7  8  9 10 11 |
---------------+----------------------------------+-----
Fighting       | 1 2 3 4 5 7 9 11 13 | 13.6
Spellcasting   | 4 5 6 7 9 10 | 10.9
Conjurations   | 4 5 6 7 9 10 | 10.9
Hexes          | 4 5 6 7 9 10 | 10.9
Summonings     | 4 5 6 7 9 10 | 10.9
Necromancy     | 4 5 6 7 9 10 | 10.9
Translocations | 4 5 6 7 9 10 | 10.9
Fire Magic     | 4 5 6 7 9 10 | 10.9
Ice Magic      | 4 5 6 7 9 10 | 10.9
Air Magic      | 4 5 6 7 9 10 | 10.9
Earth Magic    | 4 5 6 7 9 10 | 10.9
Alchemy        | 4 5 6 7 9 10 | 10.9
Stealth        | 0 |  0.0
Dodging        | |  2.1

Action                     |  1- 3 |  4- 6 |  7- 9 | 10-12 || total
---------------------------+-------+-------+-------+-------++-------
  Melee: Unarmed           |     3 |     1 |       |       ||     4
   Cast: Foxfire           |    61 |   176 |   259 |   409 ||   905
         Scorch            |       |    11 |    29 |   111 ||   151
         Inner Flame       |       |       |     2 |    21 ||    23
         Mercury Vapours   |       |       |       |     1 ||     1
 Invoke: Sacrifice Durabil |     1 |       |       |       ||     1
         Reject Sacrifices |       |       |     1 |       ||     1
         Sacrifice Stealth |       |       |     1 |       ||     1
  Evoke: Wand              |       |       |       |     1 ||     1
    Use: Scroll            |       |       |    15 |     3 ||    18
         Potion            |       |       |     1 |    10 ||    11
 Armour: Skin              |     4 |    12 |    31 |    48 ||    95
         Robe              |       |       |       |    85 ||    85
  Dodge: Dodged            |     8 |     9 |    19 |    85 ||   121
  Block: Other             |       |       |     1 |    25 ||    26
         Reflection        |       |       |       |     3 ||     3

Levels and vault maps discovered:
D:1:      lightli_arrival_lavapool, layout_loops_cross,
          ebering_ecumenical_altar_abandoned, serial_shops,
          nicolae_shop_rolled_up
D:2:      kennysheep_big_flooded_room, layout_loops_corners, uniq_robin
D:3:      layout_rooms, fedhas_altar_2, mainiacjoe_overflow_small_starburst,
          serial_curves, eino_curves_02, eino_curves_01, eino_curves_02,
          uniq_jessica
D:4:      layout_basic, hellmonk_sif_muna_bookshelves,
          nicolae_tso_swordbearing_angel, minmay_between
D:5:      layout_basic
D:6:      wad_river_or_something, layout_rooms, minmay_temple_entry_grid,
          serial_curves, eino_curves_04, eino_curves_02, st_stairs_12,
          corner_web_ring, feat_on_display, uniq_prince_ribbit1
D:7:      layout_loops_ring, nemelex_diamond_rough_becter, minivault_23
D:8:      layout_loops_ring, chequers_temple_overflow_minitemple, serial_shops,
          kennysheep_mini, nicolae_shop_window_shopping, shop,
          nicolae_shop_pleasant_corner_grove, shop, enter_bailey_5
D:9:      layout_long_grid, serial_shops, shop
D:10:     regret_index_malice_mire, layout_basic, lair_entry_dummy,
          serial_shops, nicolae_lakefront_shop, uniq_joseph
D:11:     layout_cave_pools, nicolae_shop_sticking_my_neck_out
D:12:     layout_cave_pools, orc_0_dummy, ebering_ghost_disaster_area,
          nicolae_dithmenos_the_darkroom, uniq_jorgrun, uniq_maurice

Notes
Turn   | Place    | Note
-------+----------+-------------------------------------------
     0 | D:1      | cforsyth the Djinni Fire Elementalist began the quest for
                  | the Orb.
     0 | D:1      | cforsyth set off with the following spells memorised:
                  | Foxfire, Scorch, Volatile Blastmotes, Inner Flame, Flame
                  | Wave.
     0 | D:1      | Reached XP level 1. HP: 15/15 MP: 0/0
   119 | D:1      | Reached XP level 2. HP: 17/22 MP: 0/0
   122 | D:1      | Reached skill level 1 in Fighting
   244 | D:1      | Reached XP level 3. HP: 26/27 MP: 0/0
   244 | D:1      | Learned a level 1 spell: Necrotise
   404 | D:1      | Found a faded altar of an unknown god.
   620 | D:1      | Reached skill level 2 in Fighting
   731 | D:1      | Found Gozorir's Magic Scroll Boutique.
   734 | D:1      | Bought a scroll of blinking for 82 gold pieces
   795 | D:1      | Prayed at the altar of an unknown god.
   795 | D:1      | Became a worshipper of Ru the Awakened
   841 | D:2      | Gained mutation: You cannot train Armour skill. [Ru
                  | sacrifice]
   841 | D:2      | Reached * piety under Ru
   846 | D:2      | Reached XP level 4. HP: 29/33 MP: 0/0
  1506 | D:2      | Reached XP level 5. HP: 38/40 MP: 0/0
  1506 | D:2      | Learned a level 2 spell: Mercury Vapours
  1703 | D:2      | Reached skill level 3 in Fighting
  1705 | D:2      | Noticed Robin
  1708 | D:2      | Killed Robin
  1709 | D:2      | Reached skill level 4 in Spellcasting
  1709 | D:2      | Reached skill level 4 in Conjurations
  1709 | D:2      | Reached skill level 4 in Hexes
  1709 | D:2      | Reached skill level 4 in Summonings
  1709 | D:2      | Reached skill level 4 in Necromancy
  1709 | D:2      | Reached skill level 4 in Translocations
  1709 | D:2      | Reached skill level 4 in Fire Magic
  1709 | D:2      | Reached skill level 4 in Ice Magic
  1709 | D:2      | Reached skill level 4 in Air Magic
  1709 | D:2      | Reached skill level 4 in Earth Magic
  1709 | D:2      | Reached skill level 4 in Alchemy
  2340 | D:3      | Found an opulent altar of Gozag.
  2361 | D:3      | Reached XP level 6. HP: 39/46 MP: 0/0
  2553 | D:3      | Noticed Jessica
  2554 | D:3      | Killed Jessica
  2555 | D:3      | Reached skill level 4 in Fighting
  2989 | D:3      | Found a blossoming altar of Fedhas.
  3225 | D:4      | Found a glowing golden altar of the Shining One.
  3225 | D:4      | Identified the +2 spear "Tayl Wuo" {elec, rF+ rC+}
  3415 | D:4      | Reached XP level 7. HP: 50/53 MP: 0/0
  3415 | D:4      | Learned a level 2 spell: Blink
  3817 | D:4      | Reached skill level 5 in Fighting
  3817 | D:4      | Reached skill level 5 in Spellcasting
  3817 | D:4      | Reached skill level 5 in Conjurations
  3817 | D:4      | Reached skill level 5 in Hexes
  3817 | D:4      | Reached skill level 5 in Summonings
  3817 | D:4      | Reached skill level 5 in Necromancy
  3817 | D:4      | Reached skill level 5 in Translocations
  3817 | D:4      | Reached skill level 5 in Fire Magic
  3817 | D:4      | Reached skill level 5 in Ice Magic
  3817 | D:4      | Reached skill level 5 in Air Magic
  3817 | D:4      | Reached skill level 5 in Earth Magic
  3817 | D:4      | Reached skill level 5 in Alchemy
  3979 | D:5      | Entered Level 5 of the Dungeon
  4423 | D:5      | Reached XP level 8. HP: 60/61 MP: 0/0
  5103 | D:6      | Reached skill level 6 in Fighting
  5297 | D:6      | Reached skill level 6 in Spellcasting
  5297 | D:6      | Reached skill level 6 in Conjurations
  5297 | D:6      | Reached skill level 6 in Hexes
  5297 | D:6      | Reached skill level 6 in Summonings
  5297 | D:6      | Reached skill level 6 in Necromancy
  5297 | D:6      | Reached skill level 6 in Translocations
  5297 | D:6      | Reached skill level 6 in Fire Magic
  5297 | D:6      | Reached skill level 6 in Ice Magic
  5297 | D:6      | Reached skill level 6 in Air Magic
  5297 | D:6      | Reached skill level 6 in Earth Magic
  5297 | D:6      | Reached skill level 6 in Alchemy
  5326 | D:6      | Reached skill level 7 in Fighting
  5415 | D:6      | Reached XP level 9. HP: 9/68 MP: 0/0
  5415 | D:6      | Learned a level 4 spell: Animate Dead
  5877 | D:6      | Noticed Prince Ribbit
  5885 | D:6      | Killed Prince Ribbit
  5886 | D:6      | Reached skill level 8 in Fighting
  6011 | D:6      | Reached skill level 7 in Spellcasting
  6011 | D:6      | Reached skill level 7 in Conjurations
  6011 | D:6      | Reached skill level 7 in Hexes
  6011 | D:6      | Reached skill level 7 in Summonings
  6011 | D:6      | Reached skill level 7 in Necromancy
  6011 | D:6      | Reached skill level 7 in Translocations
  6011 | D:6      | Reached skill level 7 in Fire Magic
  6011 | D:6      | Reached skill level 7 in Ice Magic
  6011 | D:6      | Reached skill level 7 in Air Magic
  6011 | D:6      | Reached skill level 7 in Earth Magic
  6011 | D:6      | Reached skill level 7 in Alchemy
  6377 | D:6      | Found a staircase to the Ecumenical Temple.
  6924 | D:7      | Found a sparkling altar of Nemelex Xobeh.
  7090 | D:7      | Gained mutation: You cannot be stealthy. [Ru sacrifice]
  7090 | D:7      | Reduced skill Stealth to level 0
  7090 | D:7      | Reached ** piety under Ru
  7200 | D:7      | Reached skill level 9 in Fighting
  7552 | D:8      | Reached XP level 10. HP: 11/78 MP: 0/0
  7579 | D:8      | Found Naozxuv's Book Shop.
  7581 | D:8      | Found Hiquc's Antique Weapon Shop.
  7595 | D:8      | Found Veis's Antique Armour Emporium.
  7599 | D:8      | Reached skill level 8 in Spellcasting
  7599 | D:8      | Reached skill level 8 in Conjurations
  7599 | D:8      | Reached skill level 8 in Hexes
  7599 | D:8      | Reached skill level 8 in Summonings
  7599 | D:8      | Reached skill level 8 in Necromancy
  7599 | D:8      | Reached skill level 8 in Translocations
  7599 | D:8      | Reached skill level 8 in Fire Magic
  7599 | D:8      | Reached skill level 8 in Ice Magic
  7599 | D:8      | Reached skill level 8 in Air Magic
  7599 | D:8      | Reached skill level 8 in Earth Magic
  7599 | D:8      | Reached skill level 8 in Alchemy
  7643 | D:8      | Found Tibeeg's Book Boutique.
  7764 | D:8      | Reached skill level 10 in Fighting
  7798 | D:8      | HP: 5/81 [wight/+0 spear (7)]
  7867 | D:8      | Found Goit's Book Emporium.
  7924 | D:8      | Found a white marble altar of Elyvilon.
  7929 | D:8      | Found a sacrificial altar of Ru.
  7931 | D:8      | Found a shimmering altar of Xom.
  7932 | D:8      | Found a burning altar of Makhleb.
  8063 | D:8      | Found a flagged portal.
  8071 | Bailey   | Entered a bailey
  8616 | Bailey   | Reached skill level 11 in Fighting
  8652 | Bailey   | Reached skill level 9 in Spellcasting
  8652 | Bailey   | Reached skill level 9 in Conjurations
  8652 | Bailey   | Reached skill level 9 in Hexes
  8652 | Bailey   | Reached skill level 9 in Summonings
  8652 | Bailey   | Reached skill level 9 in Necromancy
  8652 | Bailey   | Reached skill level 9 in Translocations
  8652 | Bailey   | Reached skill level 9 in Fire Magic
  8652 | Bailey   | Reached skill level 9 in Ice Magic
  8652 | Bailey   | Reached skill level 9 in Air Magic
  8652 | Bailey   | Reached skill level 9 in Earth Magic
  8652 | Bailey   | Reached skill level 9 in Alchemy
  9248 | Bailey   | Reached XP level 11. HP: 50/87 MP: 0/0
  9248 | Bailey   | Learned a level 5 spell: Arcjolt
  9271 | Bailey   | HP: 5/87 [centaur/+0 halberd (8)]
  9278 | Bailey   | HP: 2/87 [orc/+0 trident (2)]
  9759 | Bailey   | Identified the +0 robe of Plasticity {Int+4 SInv}
 10275 | D:8      | Bought an ancient cloak for 199 gold pieces
 10275 | D:8      | Identified the +1 cloak of Qir Befi {Dex+4} (You bought it
                  | in a shop on level 8 of the Dungeon)
 10288 | D:8      | Bought a glowing helmet for 157 gold pieces
 10830 | D:9      | Found Xyuckeux's Armour Boutique.
 11198 | D:9      | Reached skill level 12 in Fighting
 11425 | D:10     | Entered Level 10 of the Dungeon
 11429 | D:10     | Noticed Joseph
 11445 | D:10     | Killed Joseph
 11503 | D:10     | Noticed a two-headed ogre
 11517 | D:10     | Killed a two-headed ogre
 11701 | D:10     | Found a staircase to the Lair.
 11723 | D:10     | Reached skill level 10 in Spellcasting
 11723 | D:10     | Reached skill level 10 in Conjurations
 11723 | D:10     | Reached skill level 10 in Hexes
 11723 | D:10     | Reached skill level 10 in Summonings
 11723 | D:10     | Reached skill level 10 in Necromancy
 11723 | D:10     | Reached skill level 10 in Translocations
 11723 | D:10     | Reached skill level 10 in Fire Magic
 11723 | D:10     | Reached skill level 10 in Ice Magic
 11723 | D:10     | Reached skill level 10 in Air Magic
 11723 | D:10     | Reached skill level 10 in Earth Magic
 11723 | D:10     | Reached skill level 10 in Alchemy
 12453 | D:10     | Noticed a two-headed ogre
 12457 | D:10     | Noticed a two-headed ogre
 12757 | D:11     | Noticed a manticore
 12762 | D:11     | Killed a manticore
 12915 | D:11     | Found Giocez's Neck Hole.
 12960 | D:11     | Reached skill level 13 in Fighting
 13371 | D:12     | Reached XP level 12. HP: 89/98 MP: 0/0
 13583 | D:12     | Noticed a two-headed ogre
 13588 | D:12     | Killed a two-headed ogre
 13685 | D:12     | Noticed a two-headed ogre
 13694 | D:12     | Killed a two-headed ogre
 13760 | D:12     | Found a large runed translucent door.
 13761 | D:12     | Found a large runed translucent door.
 13778 | D:12     | Found a shadowy altar of Dithmenos.
 13888 | D:12     | Noticed Jorgrun
 13892 | D:12     | Noticed Maurice
 13900 | D:12     | HP: 9/98 [Jorgrun/staff of earth (8)]
 13902 | D:12     | HP: 1/98 [troll (5)]
 13925 | D:12     | Killed from afar by Jorgrun

Vanquished Creatures
  3 two-headed ogres
  2 cyclopes (D:12)
  A manticore (D:11)
  Joseph (D:10)
  An unseen horror (D:10)
  4 trolls
  A hornet (D:10)
  Prince Ribbit (D:6)
  A wraith (D:12)
  A wyvern (D:10)
  8 yaks (D:8)
  A vampire (D:10)
  5 vampire mosquitoes (D:10)
  2 steam dragons (D:9)
  4 acid dragons
  4 water moccasins
  11 orc warriors
  3 ice beasts (D:6)
  A sky beast (D:6)
  A black bear (D:8)
  An ogre (D:4)
  11 centaurs
  A phantom (D:5)
  A kobold brigand (D:10)
  5 bullfrogs
  A scorpion (D:4)
  5 wights (D:8)
  7 killer bees (D:9)
  4 howler monkeys
  3 electric eels (D:10)
  5 orc priests
  2 hounds
  2 bombardier beetles
  2 jellies (D:5)
  Jessica (D:3)
  7 iguanas
  12 orc wizards
  2 sleepcaps
  Robin (D:2)
  8 gnolls
  12 adders
  3 white imps
  6 ufetubi
  A dart slug (D:2)
  7 ribbon worms
  46 orcs
  9 ball pythons
  4 endoplasms
  4 giant cockroaches
  14 goblins
  7 hobgoblins
  4 jackals
  3 kobolds
  4 quokkas
  4 bats
  2 frilled lizards
  6 rats
273 creatures vanquished.

Vanquished Creatures (collateral kills)
  A foxfire (D:6)
1 creature vanquished.

Vanquished Creatures (others)
  1032 foxfires
1032 creatures vanquished.

Grand Total: 1306 creatures vanquished

Table legend: (Time is in decaauts)
 A = Elapsed time spent in this place.
 B = Non-inter-level travel time spent in this place.
 C = Inter-level travel time spent in this place.
 D = Time resting spent in this place.
 E = Time spent auto-exploring this place.
 F = Levels seen in this place.
 G = Mean time per level.
                   A        B        C        D        E       F      G
               +--------+--------+--------+--------+--------+-----+--------+
         Total |  13915 |  13432 |    483 |    344 |  10474 |  13 | 1070.4 |
       Dungeon |  11934 |  11451 |    483 |    344 |   8967 |  12 |  994.5 |
        Bailey |   1981 |   1981 |      0 |      0 |   1507 |   1 | 1981.0 |
               +--------+--------+--------+--------+--------+-----+--------+

Top non-repeatable levels by time:
  Bailey: 1981 daAuts
     D:6: 1550 daAuts
     D:2: 1292 daAuts
     D:1: 1073 daAuts
    D:10: 1044 daAuts
     D:8: 1010 daAuts
     D:9: 963 daAuts
     D:5: 960 daAuts
     D:4: 898 daAuts
    D:11: 889 daAuts
     D:7: 868 daAuts
     D:3: 811 daAuts
    D:12: 570 daAuts

Table legend:
 A = Non-vault XP
 B = Vault XP
 C = Vault XP percentage of total XP
 D = Non-vault monster count
 E = Vault monster count
 F = Vault count percentage of total count
                 A         B        C        D         E       F
            +---------+---------+-------+---------+---------+-------
      Total |   14599 |    4259 |  22.6 |     203 |      70 |  25.6
            +---------+---------+-------+---------+---------+-------
        D:1 |      71 |       0 |   0.0 |      21 |       0 |   0.0
        D:2 |     127 |      57 |  31.0 |      21 |      11 |  34.4
        D:3 |     119 |      38 |  24.2 |      23 |       1 |   4.2
        D:4 |     351 |       0 |   0.0 |      12 |       0 |   0.0
        D:5 |     310 |       0 |   0.0 |       9 |       0 |   0.0
        D:6 |    1188 |     927 |  43.8 |      22 |      11 |  33.3
        D:7 |     304 |       0 |   0.0 |      15 |       0 |   0.0
        D:8 |    2809 |      11 |   0.4 |      32 |       4 |  11.1
        D:9 |    1435 |       0 |   0.0 |      15 |       0 |   0.0
       D:10 |    2727 |     948 |  25.8 |      12 |       5 |  29.4
       D:11 |    1553 |       0 |   0.0 |      14 |       0 |   0.0
       D:12 |    3605 |       0 |   0.0 |       7 |       0 |   0.0
     Bailey |       0 |    2278 | 100.0 |       0 |      38 | 100.0
            +---------+---------+-------+---------+---------+-------
